AoeStats
← Juanfreelance

Arabia

508111753Analyzed
2v2 RM · 11d ago on Sep 20, 2026· 45m 42s· 4 players
Game mode
Random Map
Map size
Medium (4 player)
Population
200
Speed
Normal
Resources
Standard
Victory
Conquest
Starting age
Dark Age
Ending age
Imperial Age
RankedLock teamsTeams togetherTeam positionsShared explorationLock speedFull tech treeHidden civsTurbo modeCheats
Victory
Defeat
🇪🇸 Portuguese · Spain
1261
+17
🇵🇦 Persians · Panama
1242
+18
🇦🇷 Khmer · Argentina
1286
-17
🇦🇷 Wu · Argentina
1286
-18
Juanfreelance
6:24 Loom
9:06 Feudal Age
10:18 Double-Bit Axe
14:36 Horse Collar
17:56 Forging
25:28 Castle Age
23:55 Gold Mining
25:21 Bloodlines
26:54 Iron Casting
27:25 Scale Barding Armor
28:20 Husbandry
30:18 Light Cavalry
32:19 Fletching
34:01 Bodkin Arrow
42:06 Scale Mail Armor
44:13 Heavy Plow
45:50 Wheelbarrow
Rainman
7:57 Loom
10:23 Feudal Age
14:14 Castle Age
14:30 Double-Bit Axe
15:16 Gold Mining
22:16 Bow Saw
23:32 Horse Collar
27:22 Scale Barding Armor
27:28 Forging
28:11 Bloodlines
29:29 Chain Barding Armor
31:18 Husbandry
35:45 Wheelbarrow
37:11 Town Watch
42:47 Imperial Age
42:59 Cavalier
45:01 Plate Barding Armor
45:21 Iron Casting
Rodri
7:09 Loom
9:25 Feudal Age
10:46 Man-at-Arms
14:34 Arson
22:19 Castle Age
20:59 Scale Mail Armor
21:10 Forging
22:14 Forging
22:00 Double-Bit Axe
22:01 Horse Collar
22:40 Pikeman
24:33 Squires
26:39 Chain Mail Armor
40:40 Iron Casting
42:59 Fletching
45:52 Wheelbarrow
45:04 Town Watch
Sysif0
6:40 Loom
8:45 Feudal Age
16:07 Castle Age
18:09 Bloodlines
21:47 Town Watch
22:09 Scale Barding Armor
22:15 Forging
24:46 Husbandry
30:56 Wheelbarrow
Connection lost

Rejoining the realm…

Still unreachable

The connection could not be restored.

Session expired

The server has moved on; the page needs a fresh start.